 Dungeon Crawl Stone Soup version 0.30-a0-509-gd016549fea (webtiles) character file.

Game seed: 15409372675730293203

577 kae the Conjurer (level 7, -2/36 HPs)
             Began as a Tengu Fire Elementalist on Dec 22, 2022.
             Was an Initiate of Vehumet.
             Succumbed to a scorpion's poison
             ... in an ossuary.
             The game lasted 00:03:52 (3713 turns).

kae the Conjurer (Tengu Fire Elementalist)          Turns: 3713, Time: 00:03:52

Health: -2/36      AC:  2    Str:  6 (8)  XL:     7   Next: 35%
Magic:  12/13      EV: 14    Int: 17 (18) God:    Vehumet [......]
Gold:   222        SH:  0    Dex: 11 (14) Spells: 7/13 levels left

rFire   . . .      SeeInvis .    c - +0 falchion
rCold   . . .      Faith    .    (no shield)
rNeg    . . .      Spirit   .    a - +0 robe
rPois   .          Reflect  .    (helmet restricted)
rElec   .          Harm     .    (no cloak)
rCorr   .          Rampage  .    (no gloves)
Will    .....                    (boots unavailable)
Stlth   ++........               (no amulet)
HPRegen 0.26/turn                (no ring)
MPRegen 0.13/turn                (no ring)

@: lethally poisoned (-2 -> -14), attractive, flying quickly and evasively,
quick
A: beak, talons 3, nimble flight
a: Renounce Religion


You were in an ossuary.
You worshipped Vehumet.
Vehumet was noncommittal.
You visited 1 branch of the dungeon, and saw 4 of its levels.
You also visited: Ossuary.

You collected 222 gold pieces.


Innate Abilities, Weirdness & Mutations

You have a beak for a mouth.
You have claws for feet.
Your magical nature lets you fly swiftly and evasively.


   Skills:
 - Level 2.1 Dodging
 - Level 2.0 Stealth
 + Level 3.6 Spellcasting
 * Level 6.3 Conjurations
 * Level 6.2 Fire Magic


You had 7 spell levels left.
You knew the following spells:

 Your Spells              Type           Power      Damage    Failure   Level
a - Foxfire               Conj/Fire      96%        2x1d8     1%          1
b - Scorch                Fire           48%        2d7       1%          2
c - Inner Flame           Hex/Fire       13%        N/A       14%         3

Your spell library contained the following spells:

 Spells                   Type           Power      Damage    Failure   Level
 Flame Wave               Conj/Fire      24%        2d8       12%         4
 Kindle Blastsparks       Fire/Tloc/Air  20%        2d11      21%         3
 Cigotuvi's Dreadful Rot  Necr/Pois/Air  6%         N/A       26%         2
 Ozocubu's Armour         Ice            3%         N/A       45%         3
 Anguish                  Hex/Necr       1%         N/A       86%         4
 Dispel Undead            Necr           3%         3d7       86%         4
 Death Channel            Necr           1%         N/A       100%        6
 Enfeeble                 Hex            1%         N/A       100%        7
 Ozocubu's Refrigeration  Ice            1%         4d7       100%        7

Inventory:

Hand Weapons
 c - a +0 falchion (weapon)
   (You found it on level 1 of the Dungeon)
Missiles
 e - 27 stones
 h - 20 poisoned darts
Armour
 a - a +0 robe (worn)
Wands
 m - a wand of flame (14)
   (You found it on level 3 of the Dungeon)
 q - a wand of roots (12)
   (You took it off Natasha on level 3 of the Dungeon)
Scrolls
 f - 7 scrolls of identify {unknown}
 g - a scroll of amnesia {unknown}
 i - a scroll of magic mapping {!r}
 j - 3 scrolls of teleportation {unknown}
 l - a scroll of fog {unknown}
 o - a scroll of fear {unknown}
 r - a scroll of noise {unknown}
Potions
 b - 3 potions of magic
 d - 4 potions of attraction {!q}
 k - a potion of degeneration {!q}
 p - a potion of brilliance {unknown}

Dungeon Overview and Level Annotations

Branches:
Dungeon (4/15) Zot: 20727 Ossuary (1/1) Zot: 5612
 Temple: D:4-7

Altars:
Vehumet

Shops:
D:4

=
..#...#.......#...#
..8...#...8...'.∩.#
......#...#...#...#
8...8##############
......#...#!!.#...#
..8...'...#..!+...#
..#...#...#M!?#ZZZ
########'#######s##
#.....#...@.#
#.....#.....#
#.....8.....#
#...........#
#...........#
###8.....8###
#...........#
#...........#
#.....8.....#


You could see a scorpion, a hobgoblin zombie and 2 kobold zombies.


Message History

😎 MP[-1]
You lost 1 mp, and now have 12/13 mp.
There are monsters nearby!
You hit the kobold zombie.
You peck the kobold zombie, but do no damage.
The kobold zombie closely misses you.
You barely miss the kobold zombie. Your kick misses the kobold zombie.
You hit the scorpion but do no damage.
You claw the scorpion, but do no damage.
You peck the scorpion, but do no damage.
The scorpion closely misses you.
You barely miss the scorpion. You claw the scorpion.
The scorpion closely misses you.
The scorpion stings you but does no damage.
You slash the scorpion!
You claw the scorpion, but do no damage.
The scorpion stings you but does no damage.
The scorpion barely misses you.
You hit the scorpion. Your kick misses the scorpion.
You peck the scorpion, but do no damage.
The scorpion barely misses you. The scorpion misses you.
The scorpion stings you but does no damage.
The scorpion closely misses you. 😎 MP[+1]
Your mp is fully restored (13).
You closely miss the scorpion. You claw the scorpion. The scorpion stings you.
You are poisoned.
The scorpion poisons you! The scorpion closely misses you.
The scorpion stings you.
You hit the scorpion.
You claw the scorpion, but do no damage.
You peck the scorpion.
You feel very sick. The scorpion stings you!
* * * LOW HITPOINT WARNING * * *
You are lethally poisoned!
The scorpion poisons you! The scorpion stings you.
* * * LOW HITPOINT WARNING * * *
The scorpion stings you.
* * * LOW HITPOINT WARNING * * *
😨 HP[-25]
You take 25 damage, and now have 11/36 hp.
MASSIVE DAMAGE!! (PAUSE) It was a potion of heal wounds.
You feel much better.
You feel very sick. The scorpion stings you.
The scorpion stings you but does no damage. 😮 HP[+15]
You regained 15 hp, and now have 26/36 hp.
Okay, then.
Okay, then.
Casting: Foxfire (safe; 1% risk of failure)
Confirm with . or Enter, or press ? or * to list all spells.
Flames lash the scorpion.
You kill the scorpion!
Vehumet accepts your kill.
You feel very sick. The scorpion misses you.
You feel sick. The scorpion barely misses you.
The scorpion closely misses you. 😮 HP[-4] MP[-2]
You take 4 damage, and now have 22/36 hp.
You lost 2 mp, and now have 11/13 mp.
Unknown command.
You hit the scorpion but do no damage. You claw the scorpion.
You peck the scorpion.
You feel very sick. The scorpion misses you. 😮 HP[-3]
You take 3 damage, and now have 19/36 hp.
Unknown command.
You closely miss the scorpion.
You feel sick.
The scorpion closely misses you. x2 😨 HP[-1]
You take 1 damage, and now have 18/36 hp.
You hit the scorpion but do no damage.
You claw the scorpion, but do no damage.
You peck the scorpion, but do no damage.
You feel sick. The scorpion stings you.
* * * LOW HITPOINT WARNING * * *
😨 HP[-7]
You take 7 damage, and now have 11/36 hp.
You closely miss the scorpion.
You claw the scorpion, but do no damage.
You peck the scorpion, but do no damage.
You feel sick. The scorpion closely misses you. The scorpion stings you.
* * * LOW HITPOINT WARNING * * *
You are lethally poisoned!
The scorpion poisons you! 😱 HP[-7] MP[+1]
You take 7 damage, and now have 4/36 hp.
It was a potion of attraction.
You feel attractive to monsters.
* * * LOW HITPOINT WARNING * * *
You feel very sick.
The scorpion completely misses you. 😱 HP[-3]
You take 3 damage, and now have 1/36 hp.
It was a potion of degeneration.
There was something very wrong with that liquid.
You feel weakened.
You feel dopey.
You feel clumsy.
You die...

Skill      XL: |  1  2  3  4  5  6  7 |
---------------+----------------------+-----
Conjurations   | 2 3 5 6 |  6.3
Fire Magic     | 4 5 6 |  6.2
Spellcasting   | 3 |  3.6
Dodging        | |  2.1
Stealth        | |  2.0

Action                   |  1- 3 |  4- 6 |  7- 9 || total
-------------------------+-------+-------+-------++-------
Melee: Falchion          |     2 |     4 |    20 ||    26
       Kick              |       |     2 |    12 ||    14
       Peck              |       |       |     8 ||     8
 Cast: Foxfire           |    82 |    46 |    10 ||   138
       Scorch            |     4 |     7 |     6 ||    17
       Inner Flame       |       |     1 |       ||     1
  Use: Scroll            |     2 |     1 |       ||     3
       Potion            |       |       |     3 ||     3
Armor: Robe              |     4 |     3 |     4 ||    11
Dodge: Dodged            |    12 |    18 |    28 ||    58

Levels and vault maps discovered:
D:1:      psy_arrival_spokes, layout_basic, minmay_tripent
D:2:      minmay_evil_eye, layout_loops_ring
D:3:      layout_basic, fiery_altar_vehumet, serial_glass, glass_columns_b,
          glass_columns_a, feat_on_display, feat_on_display, feat_on_display,
          minmay_strange_pillars, chequers_serial_rivers_micro_b,
          dreamdust_wishing_well, uniq_sigmund, uniq_natasha
D:4:      layout_rooms, nicolae_ossuary_entry_plus,
          minmay_shop_enchanted_jewellery
Ossuary:  ossuary_minmay_scorpions

Notes
Turn   | Place    | Note
-------+----------+-------------------------------------------
     0 | D:1      | kae the Tengu Fire Elementalist began the quest for the
                  | Orb.
     0 | D:1      | Reached XP level 1. HP: 10/10 MP: 4/4
     0 | D:1      | magus.rc [v1.11.3]
   254 | D:1      | Reached skill level 2 in Conjurations
   254 | D:1      | Reached XP level 2. HP: 13/15 MP: 0/6
   943 | D:2      | Learned a level 2 spell: Scorch
  1336 | D:2      | Reached XP level 3. HP: 19/19 MP: 2/7
  1340 | D:2      | Learned a level 3 spell: Inner Flame
  1714 | D:2      | Reached skill level 4 in Fire Magic
  1927 | D:2      | Reached skill level 3 in Conjurations
  2177 | D:3      | Noticed Natasha
  2185 | D:3      | Killed Natasha
  2186 | D:3      | Reached XP level 4. HP: 17/24 MP: 2/8
  2302 | D:3      | Found a radiant altar of Vehumet.
  2365 | D:3      | Became a worshipper of Vehumet
  2479 | D:3      | Noticed Natasha
  2487 | D:3      | Killed Natasha
  2510 | D:3      | Noticed Sigmund
  2515 | D:3      | Killed Sigmund
  2516 | D:3      | Reached skill level 3 in Spellcasting
  2516 | D:3      | Reached skill level 5 in Conjurations
  2516 | D:3      | Reached skill level 5 in Fire Magic
  2516 | D:3      | Gained mutation: Your magical nature lets you fly swiftly
                  | and evasively. [Tengu growth]
  2516 | D:3      | Reached XP level 5. HP: 28/28 MP: 3/10
  2516 | D:3      | Reached XP level 6. HP: 32/32 MP: 3/11
  2781 | D:3      | Noticed Natasha
  2790 | D:3      | Killed Natasha
  2868 | D:3      | You pick up a book of Decay and begin reading...
  2868 | D:3      | You add the spells Cigotuvi's Dreadful Rot, Dispel Undead
                  | and Death Channel to your library.
  2913 | D:3      | You add the spells Ozocubu's Armour and Ozocubu's
                  | Refrigeration to your library.
  3262 | D:4      | You pick up a book of Maledictions and begin reading...
  3262 | D:4      | You add the spells Anguish and Enfeeble to your library.
  3276 | D:4      | Found a sand-covered staircase.
  3321 | D:4      | Found Ximuij's Jewellery Shoppe.
  3327 | Ossuary  | Entered an ossuary
  3491 | Ossuary  | Reached XP level 7. HP: 34/36 MP: 8/13
  3573 | Ossuary  | Reached skill level 6 in Conjurations
  3573 | Ossuary  | Reached skill level 6 in Fire Magic
  3711 | Ossuary  | HP: 4/36 [scorpion (6)]
  3712 | Ossuary  | HP: 1/36 [poisoned by a scorpion]
  3713 | Ossuary  | Succumbed to a scorpion's poison

Vanquished Creatures
  Sigmund (D:3)
  A necrophage (D:4)
  2 scorpions (Ossuary)
  A human zombie (Ossuary)
  2 scorpion zombies (Ossuary)
  Natasha (thrice) (D:3)
  2 adders
  A worm (D:2)
  A dart slug (D:4)
  4 orcs
  5 bats
  2 endoplasms
  4 giant cockroaches
  A gnoll zombie (Ossuary)
  3 goblins
  3 hobgoblins
  2 quokkas
  10 ball pythons
  4 frilled lizards
  A goblin zombie (Ossuary)
  3 hobgoblin zombies (Ossuary)
  6 kobolds
  A kobold zombie (Ossuary)
  2 orc zombies (Ossuary)
  4 rats
69 creatures vanquished.

Vanquished Creatures (others)
  226 foxfires
226 creatures vanquished.

Grand Total: 295 creatures vanquished

Table legend:
 A = Non-vault XP
 B = Vault XP
 C = Vault XP percentage of total XP
 D = Non-vault monster count
 E = Vault monster count
 F = Vault count percentage of total count
                 A         B        C        D         E       F
            +---------+---------+-------+---------+---------+-------
      Total |     259 |     566 |  68.6 |      46 |      23 |  33.3
            +---------+---------+-------+---------+---------+-------
        D:1 |      16 |       4 |  20.0 |      10 |       2 |  16.7
        D:2 |      41 |       7 |  14.6 |      18 |       6 |  25.0
        D:3 |     101 |     267 |  72.6 |      11 |       2 |  15.4
        D:4 |     101 |       0 |   0.0 |       7 |       0 |   0.0
    Ossuary |       0 |     288 | 100.0 |       0 |      13 | 100.0
            +---------+---------+-------+---------+---------+-------

Illustrated notes

Table legend:
 A = Kills in this place as a percentage of kills in entire the game.
 B = Kills by you in this place as a percentage of kills by you in the entire game.
 C = Kills by friends in this place as a percentage of kills by friends in the entire game.
 D = Other kills in this place as a percentage of other kills in the entire game.
 E = Experience gained in this place as a percentage of experience gained in the entire game.
 F = Experience gained in this place divided by the number of levels of this place that you have seen.
                   A       B       C       D       E      F
               +-------+-------+-------+-------+-------+----------------------
         Total | 100.0 | 100.0 |   N/A |   N/A | 100.0 | 165.0
       Dungeon |  81.2 |  81.2 |   N/A |   N/A |  65.1 | 134.2
       Ossuary |  18.8 |  18.8 |   N/A |   N/A |  34.9 | 288.0
               +-------+-------+-------+-------+-------+----------------------

Table legend: (Time is in decaauts)
 A = Elapsed time spent in this place.
 B = Non-inter-level travel time spent in this place.
 C = Inter-level travel time spent in this place.
 D = Time resting spent in this place.
 E = Time spent auto-exploring this place.
 F = Levels seen in this place.
 G = Mean time per level.
                   A        B        C        D        E       F      G
               +--------+--------+--------+--------+--------+-----+--------+
         Total |   3660 |   3527 |    133 |    158 |   2780 |   5 |  732.0 |
       Dungeon |   3272 |   3139 |    133 |     79 |   2587 |   4 |  818.0 |
       Ossuary |    388 |    388 |      0 |     79 |    193 |   1 |  388.0 |
               +--------+--------+--------+--------+--------+-----+--------+

Top non-repeatable levels by time:
     D:2: 1188 daAuts
     D:3: 1040 daAuts
     D:1: 934 daAuts
 Ossuary: 388 daAuts
     D:4: 109 daAuts
